 Dungeon Crawl Stone Soup version 0.22-a0-422-g9628fc8 (webtiles) character file.

60 Ijustatesigmund the Skirmisher (level 4, 0/49 HPs)
             Began as an Ogre Fighter on May 18, 2018.
             Succumbed to an adder's poison
             ... while paralysed
             ... on level 2 of the Dungeon.
             The game lasted 00:02:43 (1052 turns).

Ijustatesigmund the Skirmisher (Ogre Fighter)       Turns: 1052, Time: 00:02:44

Health: 0/49       AC:  4    Str: 22 (25) XL:     4   Next: 4%
Magic:  4/4        EV:  1    Int:  7 (9)  God:
Gold:   34         SH:  0    Dex:  6 (9)  Spells: 3/3 levels left

rFire    . . .     SeeInvis .   a - +1 flail
rCold    . . .     Gourm    .   c - +0 shield
rNeg     . . .     Faith    .   b - +1 robe
rPois    .         Spirit   .   (helmet restricted)
rElec    .         Reflect  .   (no cloak)
rCorr    .         Harm     .   (gloves unavailable)
MR       .....                  (boots unavailable)
Stlth    +.........             (no amulet)
HPRegen  0.16/turn              (no ring)
MPRegen  0.09/turn              (no ring)

@: paralysed, mighty, lethally poisoned (0 -> -6), berserk cooldown, slowed
A: large, unfitting armour, tough skin 1
a: no special abilities


You were on level 2 of the Dungeon.
You were not hungry.

You visited 1 branch of the dungeon, and saw 2 of its levels.

You collected 34 gold pieces.

Inventory:

Hand Weapons
 a - a +1 flail (weapon)
Armour
 b - a +1 robe (worn)
 c - a +0 shield (worn)
Potions
 g - 2 potions of agility
Comestibles
 f - 3 rations


   Skills:
 + Level 4.8 Fighting
 * Level 3.3 Maces & Flails
 - Level 2.6 Dodging
 - Level 2.6 Shields


You had 3 spell levels left.
You didn't know any spells.
Your spell library was empty.

Dungeon Overview and Level Annotations

Branches:
Dungeon (2/15)

Altars:


Innate Abilities, Weirdness & Mutations

You are too large for most types of armour.
You have tough skin. (AC +1)


Message History

You kill the adder!
You have reached level 4!
* * * LOW HITPOINT WARNING * * *
You feel sick.
* * * LOW HITPOINT WARNING * * *
You feel sick.
You see here an adder corpse.
You feel a strong urge to attack something.
* * * LOW HITPOINT WARNING * * *
You feel sick.
You are no longer berserk.
You pass out from exhaustion.
You feel yourself slow down.
* * * LOW HITPOINT WARNING * * *
You feel sick.
* * * LOW HITPOINT WARNING * * *
You feel sick.
* * * LOW HITPOINT WARNING * * *
You feel sick.
You die...

#.#
#.......###..
.> ##.##.####
#.. #.
##..##.# #..
#.###......#
###
##......#####
#....##.#
#...#.#†..#
...# #.#†###
.# ##@..#
#....# #....#
#....#####
####.....#
..S........##
###....#####
#.### #


There were no monsters in sight!

Vanquished Creatures
  3 adders (D:2)
  A leopard gecko (D:2)
  7 bats
  3 goblins (D:1)
  3 hobgoblins (D:1)
  3 jackals (D:1)
  5 kobolds (D:1)
  A ball python (D:1)
  3 frilled lizards (D:2)
  4 rats (D:1)
33 creatures vanquished.

Notes
Turn   | Place    | Note
-------+----------+-------------------------------------------
     0 | D:1      | Ijustatesigmund the Ogre Fighter began the quest for the Orb.
     0 | D:1      | Reached XP level 1. HP: 24/24 MP: 1/1
   104 | D:1      | Reached XP level 2. HP: 20/32 MP: 2/2
   483 | D:1      | Reached XP level 3. HP: 40/40 MP: 3/3
  1045 | D:2      | Reached XP level 4. HP: 7/49 MP: 4/4
  1050 | D:2      | HP: 2/49 [poisoned by an adder]
  1052 | D:2      | Succumbed to an adder's poison

Vault maps used:
D:1:      minmay_arrival_split_and_join

Skill      XL: |  1  2  3 |
---------------+----------+-----
Maces & Flails | 2 3 |  3.3
Fighting       | |  4.8
Dodging        | |  2.6
Shields        | |  2.6

Action                   |  1- 3 |  4- 6 || total
-------------------------+-------+-------++-------
Melee: Flail             |   125 |       ||   125
  Use: Scroll            |     7 |       ||     7
       Potion            |     4 |       ||     4
  Eat: Chunk             |     1 |       ||     1
Armor: Robe              |    56 |       ||    56
Dodge: Dodged            |    64 |       ||    64
Block: Shield            |    66 |       ||    66

Table legend:
 A = Spawn XP
 B = Non-spawn XP
 C = Spawn XP percentage of total XP
 D = Spawn monster count
 E = Non-spawn monster count
 F = Spawn count percentage of total count
 G = Total turns spent on level
                    A         B        C        D         E        F      G
               +---------+---------+-------+---------+---------+-------+---------
         Total |       0 |      86 |   0.0 |       0 |      33 |   0.0 |  1052
               +---------+---------+-------+---------+---------+-------+---------
           D:1 |       0 |      37 |   0.0 |       0 |      24 |   0.0 |   939
           D:2 |       0 |      49 |   0.0 |       0 |       9 |   0.0 |   113
               +---------+---------+-------+---------+---------+-------+---------
